 Dungeon Crawl Stone Soup version 0.20.1-1-g8b1a95d (webtiles) character file.

14 slep the Ducker (level 2, -1/21 HPs)
             Began as a Demonspawn Wanderer on Oct 22, 2017.
             Slain by a kobold
             ... wielding a +2 short sword of electrocution
              (18 damage)
             ... on level 1 of the Dungeon.
             The game lasted 00:03:59 (751 turns).

slep the Ducker (Demonspawn Wanderer)                Turns: 751, Time: 00:04:07

Health: -1/21      AC:  2    Str: 17    XL:     2   Next: 27%
Magic:  2/2        EV: 13    Int: 13    God:    Xom [..*...]
Gold:   5          SH:  0    Dex: 12    Spells: 1/1 levels left

rFire    . . .     SeeInvis .   n - +0 spear
rCold    . . .     Gourm    .   (no shield)
rNeg     . . .     Faith    .   e - +0 robe
rPois    .         Spirit   .   (no helmet)
rElec    .         Reflect  .   (no cloak)
rCorr    .         Harm     .   (no gloves)
MR       .....                  (no boots)
Stlth    +++.......             (no amulet)
Regen    0.1/turn               m - +5 ring of strength
MPRegen  0.1/turn               (no ring)

@: no status effects
A: nightstalker 1
a: Renounce Religion


You were on level 1 of the Dungeon.
You worshipped Xom.
You were a toy of Xom.
You were not hungry.

You visited 1 branch of the dungeon, and saw 1 of its levels.

You collected 5 gold pieces.

Inventory:

Hand Weapons
 c - a +0 quarterstaff
 f - a +0 dagger
 n - a +0 spear (weapon)
Armour
 e - a +0 robe (worn)
Jewellery
 m - a +5 ring of strength (left hand)
Scrolls
 a - a scroll of blinking
 h - 2 scrolls of enchant weapon {unknown}
 i - 2 scrolls of identify {unknown}
 o - 3 scrolls of random uselessness {unknown}
Potions
 b - a potion of heal wounds
 d - a potion of lignification
 j - a potion of haste {unknown}
 k - 2 potions of invisibility {unknown}
 l - 2 potions of agility {unknown}
Comestibles
 g - a bread ration


   Skills:
 + Level 1.0 Fighting
 + Level 1.0 Staves
 + Level 1.1 Throwing
 + Level 3.1 Dodging
 + Level 1.8 Stealth
 + Level 1.9 Unarmed Combat


You had one spell level left.
You didn't know any spells.

Dungeon Overview and Level Annotations

Branches:
Dungeon (1/15)

Altars:
Xom


Innate Abilities, Weirdness & Mutations

You are slightly more attuned to the shadows.


Message History

There is a shimmering altar of Xom here.
The altar is a mimic!
The altar mimic chuckles and vanishes in a puff of smoke!
The altar is a mimic!
The altar mimic chuckles and vanishes in a puff of smoke!
There is a shimmering altar of Xom here.
You kneel at the altar of Xom.
Xom welcomes you!
There is an open door here.
Found a stone staircase leading down.
There is a stone staircase leading down here.
A kobold comes into view.
It is wielding a short sword of electrocution.
The helpless kobold fails to defend itself.
You hit the kobold.
The kobold is heavily wounded.
The kobold hits you with a short sword of electrocution.
You are electrocuted!
Ouch! That really hurt!
You die... "Huh?
Did I miss anything?"

## .# ##########K#
#........@.# #.########.#
#.# .# #.# .. ####
#.########### ###...
#.#>........#########.....
#.#.#########8.8..8.###.#.
#.#.# #.....#......8# #.'.
#.#.###.#####.......# #.#.


You could see a kobold.

Vanquished Creatures
  A dart slug (D:1)
  A leopard gecko (D:1)
  2 hobgoblins (D:1)
  2 kobolds (D:1)
  2 ball pythons (D:1)
  3 bats (D:1)
11 creatures vanquished.

Notes
Turn   | Place    | Note
-------+----------+-------------------------------------------
     0 | D:1      | slep the Demonspawn Wanderer began the quest for the Orb.
     0 | D:1      | slep set off with: a scroll of blinking, a potion of heal wounds, a +0 quarterstaff, a potion of lignification, a +0 robe, a +0 dagger, a bread ration
     0 | D:1      | Reached XP level 1. HP: 15/15 MP: 1/1
   418 | D:1      | Reached skill level 3 in Dodging
   501 | D:1      | Gained mutation: You are slightly more attuned to the shadows. [demonic ancestry]
   501 | D:1      | Reached XP level 2. HP: 21/21 MP: 2/2
   664 | D:1      | Found a sparkling altar of Nemelex Xobeh.
   665 | D:1      | Found an iron altar of Okawaru.
   665 | D:1      | Found a burning altar of Makhleb.
   668 | D:1      | Found an ancient bone altar of Kikubaaqudgha.
   668 | D:1      | Found a shimmering altar of Xom.
   668 | D:1      | Found a hazy altar of Hepliaklqana.
   700 | D:1      | Became a worshipper of Xom of Chaos
   751 | D:1      | Slain by a kobold

Skill      XL: |  1 |
---------------+----+-----
Dodging        | 3 |  3.1
Fighting       | |  1.0
Staves         | |  1.0
Throwing       | |  1.1
Stealth        | |  1.8
Unarmed Combat | |  1.9

Action                   || total
-------------------------++-------
Melee: Quarterstaff      ||    27
       Spear             ||     2
 Stab: Sleeping          ||     4
Armor: Robe              ||     8
Dodge: Dodged            ||    14
